AoeStats
← voodoomsr

Four Lakes

509960893Analyzed
1v1 RM · 3d ago on Sep 28, 2026· 41m 32s· 2 players
Game mode
Random Map
Map size
Tiny (2 player)
Population
200
Speed
Normal
Resources
Standard
Victory
Conquest
Starting age
Dark Age
Ending age
Imperial Age
RankedLock teamsTeams togetherTeam positionsShared explorationLock speedFull tech treeHidden civsTurbo modeCheats
Victory
Defeat
🇨🇱 Varangians · Chile
1353
+14
🇩🇪 Inca · Germany
1310
-14
Hogan88
9:18 Loom
11:27 Feudal Age
12:20 Double-Bit Axe
21:21 Castle Age
20:15 Fletching
20:43 Scale Mail Armor
23:01 Chain Mail Armor
24:01 Bow Saw
23:33 Pikeman
24:14 Squires
24:29 Crossbowman
25:08 Bodkin Arrow
26:01 Thumb Ring
29:21 Town Watch
30:11 Wheelbarrow
32:14 Forging
33:14 Padded Archer Armor
37:52 Imperial Age
35:19 Gold Mining
38:24 Ballistics
38:37 Leather Archer Armor
38:37 Fabric Shields
38:22 Arbalester
40:46 Thumb Ring
voodoomsr
8:28 Loom
10:40 Feudal Age
11:19 Double-Bit Axe
19:14 Castle Age
18:05 Bloodlines
19:33 Scale Barding Armor
20:04 Light Cavalry
20:41 Gold Mining
24:15 Fletching
25:19 Padded Archer Armor
25:44 Gambesons
26:59 Wheelbarrow
27:07 Bow Saw
27:39 Scale Mail Armor
28:09 Squires
28:14 Horse Collar
29:08 Husbandry
30:45 Hand Cart
31:19 Chain Mail Armor
34:40 Imperial Age
32:05 Stone Mining
33:33 Chain Barding Armor
33:31 Heavy Plow
34:42 Forging
34:30 Bodkin Arrow
35:40 Town Watch
35:20 Elite Varangian Guard
36:27 Conscription
35:56 Cavalier
37:49 Plate Barding Armor
39:11 Crop Rotation
38:34 Vendel Legacy
39:52 Iron Casting
Connection lost

Rejoining the realm…

Still unreachable

The connection could not be restored.

Session expired

The server has moved on; the page needs a fresh start.